[Event "Titled Tuesday Blitz March 01 Early 2022"]
[White "Muhammed, Shuaau"]
[Black "Samunenkov, Ihor"]
[WhiteFideId "16700406"]
[BlackFideId "14187086"]
[WhiteElo "1674"]
[BlackElo "2406"]
[Result "0-1"]
[Round "02"]
[TimeControl "180+1"]
[Date "2022.03.01"]
[WhiteClock "0:00:01"]
[BlackClock "0:00:03"]

1. e4 c5 2. Nf3 Nc6 3. Nc3 g6 4. Bb5 Bg7 5. Bxc6 dxc6 6. O-O Nf6 7. d3 Bg4 8. h3 Bxf3 9. Qxf3 Nd7 10. Qe2 Nf8 11. f4 Ne6 12. Be3 Nd4 13. Qd1 Qd7 14. Rb1 O-O 15. Ne2 Rad8 16. Nxd4 Bxd4 17. Qe2 Qe6 18. b3 Qd6 19. f5 Bxe3+ 20. Qxe3 Qd4 21. Qxd4 Rxd4 22. f6 exf6 23. Rxf6 Re8 24. Rbf1 Rd7 25. a4 Kg7 26. R6f3 Re6 27. g4 h6 28. Kg2 b5 29. axb5 cxb5 30. Ra1 c4 31. bxc4 bxc4 32. Kf2 cxd3 33. cxd3 Rb6 34. Ra2 Rb3 35. Ke2 Kf8 36. Rd2 Rb4 37. Ke3 Rb3 38. Ke2 Rb4 39. Ke3 Rbd4 40. Ke2 a5 41. Rc2 a4 42. Rc4 Rxc4 43. dxc4 Rd4 44. c5 Ke7 45. Rc3 Rxe4+ 46. Kd3 Rf4 47. Ke3 Rb4 48. Kd2 Kd7 49. c6+ Kc7 50. Kc2 Rb3 51. Rc4 Rxh3 52. Rxa4 Kxc6 53. Rf4 Kd5 54. Rxf7 Ke4 55. Kd2 Rh2+ 56. Ke1 Rg2 57. Rh7 Kf3 58. Rxh6 Rg1+ 59. Kd2 Rxg4 60. Rh3+ Kg2 61. Rb3 Re4 62. Rb5 Kg3 63. Kd3 Rg4 64. Ke3 Ra4 65. Rg5+ Rg4 66. Re5 Kg2 67. Ke2 g5 68. Ke3 Rg3+ 69. Ke2 g4 70. Ke1 Ra3 71. Re2+ Kg1 0-1


[Site "https://www.chess.com"]

[Event "Titled Tuesday Blitz March 01 Early 2022"]
[White "Munenga, Douglas D"]
[Black "Tomiello, Mateus Costamilan"]
[WhiteFideId "8700680"]
[BlackFideId "22701958"]
[WhiteElo "2207"]
[BlackElo "1975"]
[Result "0-1"]
[Round "02"]
[TimeControl "180+1"]
[Date "2022.03.01"]
[WhiteClock "0:00:10"]
[BlackClock "0:00:11"]

1. e4 e5 2. Nf3 Nc6 3. Bb5 Nf6 4. Qe2 Bd6 5. c3 O-O 6. O-O Re8 7. d3 Ne7 8. Nh4 Ng6 9. Nf5 Bf8 10. Ba4 c6 11. Nd2 d5 12. Nf3 Bxf5 13. exf5 Nf4 14. Bxf4 exf4 15. Qd2 Bd6 16. Bc2 Qd7 17. Nh4 d4 18. Rae1 Nd5 19. Bb3 Be7 20. Bxd5 Bxh4 21. Qxf4 Bf6 22. Bc4 dxc3 23. bxc3 Bxc3 24. Rxe8+ Rxe8 25. Qf3 b5 26. Bb3 a5 27. a4 Bd4 28. g3 c5 29. axb5 Qxb5 30. Bc4 Qd7 31. Rb1 Qd6 32. Rb7 Rf8 33. Ra7 h6 34. Rxa5 Re8 35. Ra8 Qe7 36. Rxe8+ Qxe8 37. Kg2 Kh7 38. h4 Qe7 39. Qf4 Qf6 40. Qf3 Qe7 41. Qf4 Be5 42. Qf3 Qf6 43. Kh3 Bd4 44. g4 Qe7 45. g5 hxg5 46. Qh5+ Kg8 47. hxg5 Bxf2 48. g6 Qe3+ 49. Kg2 Qg3+ 50. Kf1 Qg1+ 51. Ke2 Qe1+ 52. Kf3 Qd1+ 53. Kxf2 Qxh5 54. gxf7+ Kf8 55. Be6 Qh3 56. Ke2 Qg3 57. Kd2 Qe5 58. Kc2 Qd4 59. Bc4 Qf2+ 60. Kb3 Qxf5 61. Ka4 Qe5 62. Kb5 Qd4 63. Kc6 g5 0-1


[Site "https://www.chess.com"]

[Event "Titled Tuesday Blitz March 01 Early 2022"]
[White "Muradov, Soltan"]
[Black "Gracia Alvarez, Gerardo Antonio"]
[WhiteFideId "14002108"]
[BlackFideId "5109124"]
[WhiteElo "1854"]
[BlackElo "2139"]
[Result "1-0"]
[Round "02"]
[TimeControl "180+1"]
[Date "2022.03.01"]
[WhiteClock "0:00:03"]
[BlackClock "0:00:01"]

1. d4 Nf6 2. Nf3 g6 3. Bf4 d6 4. e3 Bg7 5. Nbd2 O-O 6. h3 Nfd7 7. c3 e5 8. Bg5 f6 9. Bh4 Qe7 10. Bd3 g5 11. Bg3 f5 12. e4 exd4 13. Qb3+ Kh8 14. cxd4 fxe4 15. Nxe4 Nf6 16. O-O Nxe4 17. Rfe1 Nc6 18. Bxe4 Qf6 19. Bd5 h6 20. Re2 Nxd4 21. Nxd4 Qxd4 22. Rae1 Bf5 23. Be6 Bxe6 24. Rxe6 b6 25. Qc2 Rf6 26. Qxc7 Rxe6 27. Rxe6 Rf8 28. Rxd6 Qxb2 29. Rd7 Re8 30. Kh2 Qf6 31. Qxa7 b5 32. Rd6 Qb2 33. Rd7 Qf6 34. Rb7 Qb2 35. Qa6 b4 36. Qb5 Rf8 37. Qa6 Re8 38. Qa7 1-0


[Site "https://www.chess.com"]

[Event "Titled Tuesday Blitz March 01 Early 2022"]
[White "Muzzi, Eduardo"]
[Black "Federzoni, Enzo"]
[WhiteFideId "3001253"]
[BlackFideId "2173301"]
[WhiteElo "1932"]
[BlackElo "1956"]
[Result "1-0"]
[Round "02"]
[TimeControl "180+1"]
[Date "2022.03.01"]
[WhiteClock "0:01:15"]
[BlackClock "0:00:11"]

1. e4 c5 2. Nc3 e6 3. Bc4 Nc6 4. f4 a6 5. a4 d6 6. Nf3 Nf6 7. d3 Be7 8. O-O Nd4 9. Nxd4 cxd4 10. Ne2 e5 11. f5 Rb8 12. Bg5 b5 13. axb5 axb5 14. Bb3 Bb7 15. Ng3 d5 16. exd5 Bxd5 17. Bxd5 Nxd5 18. Bxe7 Qxe7 19. Qf3 Qb7 20. Ne4 O-O 21. f6 Nxf6 22. Nxf6+ gxf6 23. Qxf6 Rbe8 24. Rf3 Qd5 25. Rg3# 1-0


[Site "https://www.chess.com"]

[Event "Titled Tuesday Blitz March 01 Early 2022"]
[White "Nakamura, Hikaru"]
[Black "Kretov, Evgenij"]
[WhiteFideId "2016192"]
[BlackFideId "4167821"]
[WhiteElo "3172"]
[BlackElo "2659"]
[Result "1-0"]
[Round "02"]
[TimeControl "180+1"]
[Date "2022.03.01"]
[WhiteClock "0:00:18"]
[BlackClock "0:00:11"]

1. Nf3 c5 2. b3 Nf6 3. Bb2 e6 4. e3 b6 5. d4 Bb7 6. Bd3 Be7 7. O-O O-O 8. Nbd2 Nc6 9. dxc5 Bxc5 10. a3 a6 11. c4 Be7 12. Qc2 h6 13. Rfd1 Qc7 14. Rac1 Rac8 15. Qb1 Rfd8 16. Ne4 Nxe4 17. Bxe4 b5 18. cxb5 axb5 19. Ne5 Bf6 20. Bh7+ Kf8 21. Nxf7 Bxb2 22. Nxd8 Bxc1 23. Nxb7 Bxa3 24. Qe4 Qxb7 25. Qf4+ Ke7 26. Qh4+ g5 27. Qxh6 Kd8 28. Qxe6 Ne7 29. Qf6 Kc7 30. Qxg5 Kb8 31. h4 Nc6 32. Be4 Bb4 33. Bxc6 Qxc6 34. Qf4+ Kb7 35. Qxb4 Rg8 36. g3 Rf8 37. Qxf8 1-0


[Site "https://www.chess.com"]

[Event "Titled Tuesday Blitz March 01 Early 2022"]
[White "Nan, M K Khine Hlyan"]
[Black "Nasyrova, Ekaterina"]
[WhiteFideId "13002899"]
[BlackFideId "44157797"]
[WhiteElo "1943"]
[BlackElo "2068"]
[Result "0-1"]
[Round "02"]
[TimeControl "180+1"]
[Date "2022.03.01"]
[WhiteClock "0:01:52"]
[BlackClock "0:01:01"]

1. e4 e5 2. Nf3 Nc6 3. Bc4 Bc5 4. c3 Nf6 5. a4 a5 6. d3 O-O 7. Bb3 d5 8. O-O dxe4 9. Nxe5 Nxe5 10. d4 Bg4 11. Qc2 Bd6 12. dxe5 Bxe5 13. Nd2 Be2 14. Re1 Bd3 15. Qd1 Qd6 16. g3 Qc6 17. Bc2 Rad8 18. Bxd3 Rxd3 19. Qh5 Nxh5 0-1


[Site "https://www.chess.com"]

[Event "Titled Tuesday Blitz March 01 Early 2022"]
[White "Neiksans, Arturs"]
[Black "Bodnaruk, Anastasia"]
[WhiteFideId "11601388"]
[BlackFideId "4181751"]
[WhiteElo "2447"]
[BlackElo "2393"]
[Result "1/2-1/2"]
[Round "02"]
[TimeControl "180+1"]
[Date "2022.03.01"]
[WhiteClock "0:00:04"]
[BlackClock "0:00:04"]

1. e4 c5 2. Nf3 d6 3. Bb5+ Bd7 4. Bxd7+ Qxd7 5. c4 Nc6 6. d4 cxd4 7. Nxd4 Nf6 8. Nc3 g6 9. f3 Bg7 10. Be3 O-O 11. O-O Rac8 12. b3 e6 13. Qd2 Rfd8 14. Rad1 d5 15. cxd5 exd5 16. Nxc6 bxc6 17. e5 Ne8 18. Bg5 f6 19. exf6 Nxf6 20. Rfe1 Re8 21. Na4 Rxe1+ 22. Rxe1 Re8 23. Rc1 Qd6 24. Be3 d4 25. Qxd4 Nd5 26. Qc5 Qxc5 27. Bxc5 Re2 28. Bxa7 Rxa2 29. Rxc6 Nf4 30. g3 Ra1+ 31. Kf2 Ra2+ 32. Ke3 Nd5+ 33. Ke4 Nf6+ 34. Kd3 Rxh2 35. Bd4 Nd5 36. Rd6 Bxd4 37. Kxd4 Nb4 38. Kc5 Na2 39. g4 Rc2+ 40. Kb5 Rf2 41. Rd3 h5 42. gxh5 gxh5 43. Nc5 h4 44. Ne4 Rf1 45. Ng5 Rg1 46. f4 Rf1 47. Nh3 Nc1 48. Re3 Kf7 49. b4 Kf6 50. Kc6 Na2 51. b5 Rc1+ 52. Kd6 Nc3 53. b6 Nb5+ 54. Kd7 Rb1 55. Kc6 Nd4+ 56. Kc7 Ne6+ 57. Kc6 Nd4+ 58. Kc5 Ne6+ 59. Kc6 Nd4+ 1/2-1/2


[Site "https://www.chess.com"]

[Event "Titled Tuesday Blitz March 01 Early 2022"]
[White "Niyazgulova, Marina"]
[Black "Piesik, Piotr"]
[WhiteFideId "24142573"]
[BlackFideId "1136194"]
[WhiteElo "2075"]
[BlackElo "2232"]
[Result "1-0"]
[Round "02"]
[TimeControl "180+1"]
[Date "2022.03.01"]
[WhiteClock "0:00:15"]
[BlackClock "0:01:00"]

1. d4 c5 2. d5 e5 3. e4 d6 4. Nc3 Be7 5. Nf3 a6 6. a4 Bg4 7. Be2 Bxf3 8. Bxf3 Bg5 9. O-O Bxc1 10. Qxc1 Ne7 11. Be2 O-O 12. g3 f5 13. exf5 Nxf5 14. Ne4 Nd4 15. Bd1 h6 16. f4 exf4 17. Rxf4 Qe7 18. c3 Nf5 19. Bg4 g6 20. Bxf5 gxf5 21. Nf2 Rf6 22. Qd2 Nd7 23. Re1 Qf7 24. c4 Ne5 25. Nd3 Ng6 26. Rf2 Kg7 27. Rfe2 Rf8 28. Re6 Kh7 29. Kg2 f4 30. Rxf6 Qxf6 31. Nxf4 Nxf4+ 32. gxf4 Rg8+ 33. Kh1 Rg7 34. Qd3+ Kg8 35. Re8+ Kf7 36. Qe3 Kg6 37. Re6 1-0


[Site "https://www.chess.com"]

[Event "Titled Tuesday Blitz March 01 Early 2022"]
[White "Nozdrachev, Leonid"]
[Black "Wagner, Dennis"]
[WhiteFideId "24113433"]
[BlackFideId "24650684"]
[WhiteElo "2124"]
[BlackElo "2355"]
[Result "1/2-1/2"]
[Round "02"]
[TimeControl "180+1"]
[Date "2022.03.01"]
[WhiteClock "0:00:45"]
[BlackClock "0:00:27"]

1. e4 c5 2. c3 d5 3. exd5 Qxd5 4. d4 Nf6 5. Nf3 e6 6. Bd3 Be7 7. O-O O-O 8. Be3 cxd4 9. cxd4 Nc6 10. Nc3 Qd6 11. a3 b6 12. Rc1 Bb7 13. Bb1 Rac8 14. Qd3 g6 15. Ba2 Rfd8 16. Rfd1 Rd7 17. h3 Bf8 18. Bg5 Bg7 19. Bxf6 Bxf6 20. Ne4 Qe7 21. Nxf6+ Qxf6 22. Qe4 Ne7 23. Rxc8+ Nxc8 24. Qe5 Qxe5 25. Nxe5 Rc7 26. d5 exd5 27. Bxd5 Bxd5 28. Rxd5 f6 29. Ng4 Kf7 30. g3 h5 31. Ne3 Ne7 32. Rd8 Rc1+ 33. Kg2 Rb1 34. Rd7 Ke6 35. Rxa7 Rxb2 36. a4 Nf5 37. Nxf5 Kxf5 38. a5 bxa5 39. Rxa5+ Ke6 40. Ra6+ Kf5 41. Ra5+ Ke6 42. Ra6+ Kf5 43. Ra5+ 1/2-1/2


[Site "https://www.chess.com"]

[Event "Titled Tuesday Blitz March 01 Early 2022"]
[White "Omelja, Artem"]
[Black "Ohanyan, Emin"]
[WhiteFideId "14119846"]
[BlackFideId "13312022"]
[WhiteElo "2418"]
[BlackElo "1809"]
[Result "0-1"]
[Round "02"]
[TimeControl "180+1"]
[Date "2022.03.01"]
[WhiteClock "0:01:21"]
[BlackClock "0:01:00"]

1. d4 d5 2. c4 c6 3. Nc3 dxc4 4. e3 b5 5. a4 b4 6. Ne4 Qd5 7. Qc2 b3 8. Qb1 Bf5 9. f3 e5 10. Ne2 Bb4+ 11. Bd2 Bxd2+ 12. Kxd2 exd4 13. exd4 c5 14. Nd6+ Qxd6 15. Qxf5 Ne7 16. Qxc5 Qh6+ 17. f4 Nd7 18. Qg5 Qb6 19. g3 h6 20. Qg4 Nf6 21. Qf3 O-O 22. Bg2 Nf5 23. Rhd1 Nxd4 24. Nxd4 Qxd4+ 25. Ke2 Qxb2+ 26. Kf1 Rad8 27. Rab1 Rxd1+ 28. Qxd1 Qa3 29. Bc6 Rc8 30. Bb5 c3 31. Rxb3 Qxb3 32. Qxb3 c2 33. Be2 c1=Q+ 34. Bd1 Rd8 35. Ke2 Qd2+ 36. Kf3 Qxd1+ 37. Qxd1 Rxd1 38. Ke3 Ra1 39. Ke2 Ra3 40. Kf2 Rxa4 41. Ke2 Rxf4 42. gxf4 g5 43. Kd3 gxf4 44. Ke2 Kg7 45. Kf3 Kg6 46. Kxf4 a5 47. Kf3 a4 48. Ke3 a3 49. Kd2 a2 50. Kc2 a1=N+ 51. Kc1 Nb3+ 52. Kc2 Nd4+ 53. Kd3 Nf5 54. Ke2 Nh4 55. Kf2 Kg5 56. Kg3 Nh5+ 57. Kf2 Kg4 58. h3+ Kxh3 59. Kg1 Kg3 60. Kf1 Kh2 61. Kf2 f5 62. Ke3 Kg2 63. Ke2 f4 64. Kd3 Ng3 65. Kd4 f3 66. Ke5 f2 67. Kf6 h5 68. Kg7 Nf3 69. Kh6 h4 70. Kg6 h3 71. Kh6 h2 72. Kg6 Ng1 73. Kh6 Nf1 74. Kg6 Nd2 75. Kh6 Ne2 76. Kg6 Nc1 77. Kh6 Nb1 78. Kg6 Na3 79. Kh6 Nb3 80. Kg6 Nb5 81. Kh6 Na5 82. Kg6 Na7 83. Kh6 Nb7 84. Kg6 Nc8 85. Kh6 Nd8 86. Kg6 Nc6 87. Kh6 Nb8 88. Kg5 Nb6 89. Kg6 Nc4 90. Kg5 Nd2 91. Kg6 Nf1 92. Kg5 Ne3 93. Kg6 Kf1 94. Kg5 Ng2 95. Kg6 Kg1 96. Kg5 Nd7 97. Kg6 Nb6 98. Kg5 Nc4 99. Kg6 Na3 100. Kg5 Nc2 101. Kg6 Nce1 102. Kg5 Nd3 103. Kg6 Kf1 104. Kg5 Ke2 105. Kg6 Ne3 106. Kg5 Nc2 107. Kg6 Nb2 108. Kg5 Na3 109. Kg6 Nb1 110. Kg5 Na4 111. Kg6 Nb6 112. Kg5 Nc8 113. Kg6 Na7 114. Kg5 Nc6 115. Kg6 h1=N 116. Kg5 Nd4 117. Kg6 Nb3 118. Kg5 N3d2 119. Kg6 Nc3 120. Kg5 Nd1 121. Kg6 Ng3 122. Kg5 Ngf1 123. Kg6 Nfe3 124. Kg5 Nb2 125. Kg6 Nd3 126. Kg5 Kd1 127. Kg6 Kc2 128. Kg5 Kc3 129. Kg6 Kd4 130. Kg5 Ke4 131. Kg6 Ke5 132. Kg5 Ke6 133. Kg6 Ke7 134. Kg5 Kf7 135. Kh5 Kf6 136. Kh4 Kf5 137. Kh5 Kf4 138. Kh6 Kf3 139. Kg7 Ne4 140. Kf7 Nf4 141. Ke7 Ng4 142. Kd7 Ng5 143. Kc6 Ke4 144. Kc5 Ne5 145. Kb4 Nge6 146. Kc3 Nd5+ 147. Kd2 Nd4 148. Kd1 Nc4 149. Kc1 Nb4 150. Kb1 Kd5 151. Kc1 Ke5 152. Kd1 Ke4 153. Kc1 f1=N 154. Kd1 Nfe3+ 155. Ke1 Kd3 156. Kf2 Nbd5 157. Kg3 Nd6 158. Kf2 Ke4 159. Kg3 N6f5+ 160. Kf2 Nf4 161. Ke1 Nf3+ 162. Kf2 Ng4+ 163. Kf1 0-1


[Site "https://www.chess.com"]

[Event "Titled Tuesday Blitz March 01 Early 2022"]
[White "Onufrienko, Vladislav"]
[Black "Selkirk, Rebecca"]
[WhiteFideId "13804332"]
[BlackFideId "14306514"]
[WhiteElo "1659"]
[BlackElo "1649"]
[Result "1-0"]
[Round "02"]
[TimeControl "180+1"]
[Date "2022.03.01"]
[WhiteClock "0:02:12"]
[BlackClock "0:01:41"]

1. e4 c6 2. d4 d5 3. e5 c5 4. dxc5 Nc6 5. Nf3 Bg4 6. Bb5 e6 7. b4 Bxf3 8. Qxf3 Ne7 9. Bb2 Ng6 10. O-O Qc7 11. Qe2 Be7 12. a3 O-O 13. Nd2 Ncxe5 14. f4 Nc6 15. f5 Nf4 16. Qg4 h5 1-0


[Site "https://www.chess.com"]

[Event "Titled Tuesday Blitz March 01 Early 2022"]
[White "Ooi, Zhi Yang"]
[Black "Obolenskikh, Dmitry"]
[WhiteFideId "5709270"]
[BlackFideId "4156013"]
[WhiteElo "1802"]
[BlackElo "2512"]
[Result "0-1"]
[Round "02"]
[TimeControl "180+1"]
[Date "2022.03.01"]
[WhiteClock "0:00:01"]
[BlackClock "0:00:18"]

1. d4 d5 2. c4 e6 3. Nc3 c6 4. Nf3 dxc4 5. a4 Bb4 6. e3 b5 7. Be2 Bb7 8. O-O a6 9. Ne5 Nd7 10. f4 Ngf6 11. Bf3 Qb6 12. g4 Rd8 13. g5 Nd5 14. Bxd5 cxd5 15. Ne2 O-O 16. Ng3 Be7 17. Qh5 b4 18. Rf3 f5 19. Nxd7 Rxd7 20. Nf1 g6 21. Qh4 a5 22. Nd2 h5 23. Rh3 Bd6 24. Nf3 Ba6 25. Qf2 Rc8 26. Nh4 Kg7 27. Qf3 Rh8 28. Bd2 Rc7 29. Rc1 c3 30. bxc3 b3 31. Rb1 b2 32. Qe2 Bxe2 0-1


[Site "https://www.chess.com"]

[Event "Titled Tuesday Blitz March 01 Early 2022"]
[White "P., Komal Kishore"]
[Black "Paravyan, David"]
[WhiteFideId "5016703"]
[BlackFideId "4194985"]
[WhiteElo "2071"]
[BlackElo "2569"]
[Result "0-1"]
[Round "02"]
[TimeControl "180+1"]
[Date "2022.03.01"]
[WhiteClock "0:00:10"]
[BlackClock "0:02:23"]

1. e4 e5 2. Nf3 Nf6 3. Nxe5 d6 4. Nf3 Nxe4 5. Qe2 Qe7 6. d3 Nf6 7. Bg5 Qxe2+ 8. Bxe2 Be7 9. Nbd2 h6 10. Bh4 Nc6 11. c3 Nh5 12. d4 Nf4 13. Bxe7 Kxe7 14. g3 Nxe2 15. Kxe2 Re8 16. h3 Kf8+ 17. Kf1 Bf5 18. Re1 a5 19. Kg2 a4 20. a3 Na5 21. Rxe8+ Kxe8 22. Re1+ Kd7 23. Nh4 Bh7 24. f4 Ra6 25. g4 Rb6 26. f5 Rxb2 27. Re2 Nc4 0-1


[Site "https://www.chess.com"]

[Event "Titled Tuesday Blitz March 01 Early 2022"]
[White "Pajeken, Jakob Leon"]
[Black "Chigaev, Maksim"]
[WhiteFideId "12942839"]
[BlackFideId "4108116"]
[WhiteElo "2620"]
[BlackElo "2913"]
[Result "0-1"]
[Round "02"]
[TimeControl "180+1"]
[Date "2022.03.01"]
[WhiteClock "0:00:20"]
[BlackClock "0:01:15"]

1. e4 c5 2. Nf3 d6 3. d4 cxd4 4. Nxd4 Nf6 5. Nc3 a6 6. Be3 e5 7. Nf3 Be7 8. Bc4 Be6 9. Bb3 Nbd7 10. O-O O-O 11. Bxe6 fxe6 12. Ng5 Qc8 13. Nxe6 Re8 14. Ng5 h6 15. Nf3 Qc4 16. Qd3 Rac8 17. Rad1 b5 18. a3 Rc6 19. Rfe1 Rb8 20. Bc1 a5 21. Nh4 Qxd3 22. cxd3 b4 23. Nf5 Bf8 24. Nd5 Nxd5 25. exd5 Rc2 26. Ne3 Rc5 27. d4 exd4 28. Rxd4 Be7 29. Re4 Bf6 30. axb4 Rxb4 31. Rxb4 axb4 32. g3 b3 33. Bd2 Nb6 34. Bb4 Rb5 35. Bxd6 Bxb2 36. Nf5 Nxd5 37. Re8+ Kh7 38. Rb8 Rxb8 39. Bxb8 0-1


[Site "https://www.chess.com"]

[Event "Titled Tuesday Blitz March 01 Early 2022"]
[White "Pasti, Aron"]
[Black "Dronavalli, Harika"]
[WhiteFideId "785857"]
[BlackFideId "5015197"]
[WhiteElo "2080"]
[BlackElo "2382"]
[Result "0-1"]
[Round "02"]
[TimeControl "180+1"]
[Date "2022.03.01"]
[WhiteClock "0:01:19"]
[BlackClock "0:01:50"]

1. e4 c5 2. Nf3 e6 3. d4 cxd4 4. Nxd4 a6 5. Nc3 b5 6. Be2 Bb7 7. Be3 Nc6 8. O-O Nxd4 9. Bxd4 Ne7 10. Bf3 Nc6 11. Be3 Qc7 12. Ne2 Bd6 13. Nd4 Bxh2+ 14. Kh1 Be5 15. Nxc6 Bxc6 16. c3 O-O 17. Qc2 f5 18. exf5 Bxf3 19. gxf3 Rxf5 20. Rg1 Raf8 21. Qe4 d5 22. Qg4 Qf7 23. f4 Bxf4 24. Rae1 Rh5+ 25. Kg2 Rh2+ 26. Kf3 Bxe3+ 27. Kxe3 Qxf2+ 28. Kd3 Qd2# 0-1


[Site "https://www.chess.com"]

[Event "Titled Tuesday Blitz March 01 Early 2022"]
[White "Pein, Jonathan"]
[Black "Bashirli, Nail"]
[WhiteFideId "417092"]
[BlackFideId "13406809"]
[WhiteElo "2140"]
[BlackElo "2333"]
[Result "1-0"]
[Round "02"]
[TimeControl "180+1"]
[Date "2022.03.01"]
[WhiteClock "0:00:13"]
[BlackClock "0:00:17"]

1. e4 c5 2. Nf3 d6 3. c4 Bg4 4. Be2 Nc6 5. Nc3 g6 6. O-O Bg7 7. d3 Nf6 8. Re1 O-O 9. Be3 a6 10. Qd2 Rb8 11. a4 Nd7 12. h3 Bxf3 13. Bxf3 Nd4 14. Bd1 e6 15. Bh6 b5 16. Bxg7 Kxg7 17. axb5 axb5 18. Ne2 Nxe2+ 19. Bxe2 Qf6 20. b3 bxc4 21. bxc4 Qd4 22. Ra7 Rbd8 23. Rb1 Ne5 24. Qe3 Qxe3 25. fxe3 Ra8 26. Rxa8 Rxa8 27. Rb6 Ra2 28. Kf1 Ra1+ 29. Kf2 Ra2 30. Rxd6 Kf6 31. Kf1 Ke7 32. Rb6 Ra1+ 33. Kf2 Ra2 34. Ke1 Ra1+ 35. Kd2 Ra2+ 36. Kd1 Ra1+ 37. Kd2 h5 38. d4 Ra2+ 39. Ke1 Nd7 40. Rb7 Ra5 41. e5 Kd8 42. Bf3 Ra6 43. Rb5 Kc7 44. dxc5 Ra7 45. c6 Nb6 46. c5 Nd5 47. Bxd5 exd5 48. Rb6 Ra5 49. Ke2 Rxc5 50. Ra6 Rxc6 51. Ra7+ Kb6 52. Rxf7 Kc5 53. Rf6 Rxf6 54. exf6 Kd6 55. g4 hxg4 56. hxg4 g5 57. Kd3 Ke5 58. f7 1-0


[Site "https://www.chess.com"]

[Event "Titled Tuesday Blitz March 01 Early 2022"]
[White "Petrova, Irina"]
[Black "Maatman, Nick"]
[WhiteFideId "14124122"]
[BlackFideId "1040391"]
[WhiteElo "1988"]
[BlackElo "2518"]
[Result "0-1"]
[Round "02"]
[TimeControl "180+1"]
[Date "2022.03.01"]
[WhiteClock "0:00:05"]
[BlackClock "0:00:26"]

1. e4 e6 2. d4 d5 3. Nc3 Bb4 4. Ne2 Nf6 5. e5 Nfd7 6. g3 c5 7. a3 Bxc3+ 8. bxc3 b6 9. Bg2 Ba6 10. O-O Nc6 11. Bb2 Rc8 12. Re1 Bxe2 13. Qxe2 O-O 14. c4 dxc4 15. d5 exd5 16. Bxd5 Nd4 17. Bxd4 cxd4 18. Bxc4 Qc7 19. Bd3 Rfe8 20. f4 Nc5 21. Qh5 Nxd3 22. cxd3 Qc2 23. Qf3 Rc3 24. Red1 Qb2 25. Qe4 Rd8 26. Rdb1 Qc2 27. Rd1 Qb2 28. Rdb1 Qc2 29. Rd1 Qa4 30. e6 fxe6 31. Qxe6+ Kh8 32. Rac1 Qxa3 33. Rxc3 dxc3 34. Re1 h6 35. Qc6 Qc5+ 36. Qxc5 bxc5 37. Rc1 Rxd3 38. Kf2 c4 39. h3 a5 40. g4 a4 41. Ra1 c2 42. Rc1 Rd2+ 43. Ke3 Rh2 44. Kd4 Kg8 45. Kxc4 Kf7 46. Kb4 Ke6 47. Kxa4 Kd5 48. Kb3 Ke4 49. f5 Rxh3+ 50. Kxc2 Kf4 51. Rf1+ Kxg4 52. f6 gxf6 53. Rxf6 h5 54. Kd2 Rf3 55. Rg6+ Kf4 56. Rh6 Kg4 57. Rg6+ Kh3 58. Ke2 Rf8 59. Rh6 h4 60. Rh7 Kg3 61. Rg7+ Kh2 62. Rh7 h3 63. Ke1 Kg2 64. Rg7+ Kh1 65. Rh7 h2 66. Rh6 Rf3 67. Rg6 Rf4 68. Ke2 Rf7 69. Ke1 Ra7 70. Ke2 Ra1 71. Kf2 Rg1 72. Rh6 Rg8 73. Rh5 Rf8+ 74. Ke2 Kg1 75. Rg5+ Kh1 76. Rh5 Rg8 77. Kf2 Rg7 78. Kf1 Rg1+ 79. Kf2 Ra1 80. Rh6 Ra2+ 81. Kf1 Ra3 82. Kf2 Ra4 83. Kf1 Ra8 84. Kf2 Rf8+ 85. Ke2 Kg2 86. Rg6+ Kh3 87. Rh6+ Kg3 88. Rg6+ Kh3 89. Rh6+ Kg2 90. Rg6+ Kh1 91. Rh6 Rf7 92. Ke1 Kg1 93. Rg6+ Kh1 94. Rh6 Rf4 95. Ke2 Kg2 96. Rg6+ Kh3 97. Rh6+ Rh4 0-1


[Site "https://www.chess.com"]

[Event "Titled Tuesday Blitz March 01 Early 2022"]
[White "Piliczewski, Bogusz"]
[Black "Tashkov, Rumen"]
[WhiteFideId "1104144"]
[BlackFideId "2904004"]
[WhiteElo "1896"]
[BlackElo "2181"]
[Result "0-1"]
[Round "02"]
[TimeControl "180+1"]
[Date "2022.03.01"]
[WhiteClock "0:00:35"]
[BlackClock "0:00:50"]

1. d4 d6 2. Nf3 g6 3. Bf4 Bg7 4. e3 Nd7 5. h3 e5 6. Bh2 Ne7 7. Be2 O-O 8. O-O h6 9. c4 f5 10. Nc3 Kh8 11. Qc2 g5 12. Rfd1 e4 13. Nd2 Ng6 14. c5 Nf6 15. Nb5 a6 16. Nxc7 Qxc7 17. Bxd6 Qd8 18. Bxf8 Bxf8 19. Nc4 Nd5 20. a3 Qe7 21. b4 Be6 22. Nd6 Qd7 23. Nc4 Bg7 24. Na5 Bf7 25. Rac1 Re8 26. Qb3 f4 27. Bc4 f3 28. b5 fxg2 29. Kxg2 Nh4+ 30. Kf1 Qxh3+ 31. Ke2 Qf3+ 32. Kd2 Qxf2+ 33. Be2 Nf3+ 0-1


[Site "https://www.chess.com"]

[Event "Titled Tuesday Blitz March 01 Early 2022"]
[White "Pischal, Yulia"]
[Black "Bilych, Olexiy"]
[WhiteFideId "14102390"]
[BlackFideId "14156504"]
[WhiteElo "1931"]
[BlackElo "2195"]
[Result "0-1"]
[Round "02"]
[TimeControl "180+1"]
[Date "2022.03.01"]
[WhiteClock "0:00:01"]
[BlackClock "0:00:20"]

1. e4 c5 2. Nc3 Nc6 3. g3 g6 4. Bg2 Bg7 5. f4 d6 6. d3 e5 7. Nf3 Nge7 8. O-O O-O 9. h3 f5 10. Kh2 fxe4 11. Nxe4 Be6 12. fxe5 Nxe5 13. Qe2 N7c6 14. c3 Nxf3+ 15. Bxf3 Ne5 16. Bg2 Rxf1 17. Qxf1 Qf8 18. Bf4 h6 19. Qe2 g5 20. Be3 Qe7 21. d4 cxd4 22. Bxd4 Rf8 23. b3 g4 24. Rf1 Rxf1 25. Qxf1 gxh3 26. Bxh3 Bxh3 27. Kxh3 Qe6+ 28. Kg2 Qg4 29. Nd2 h5 30. Bxe5 Bxe5 31. Qf3 Qxf3+ 32. Kxf3 Bxc3 33. Ne4 Be5 34. Ng5 Kg7 35. Ne6+ Kf6 36. Nd8 b5 37. Nc6 a6 38. Nb4 a5 39. Nd5+ Ke6 40. Ne3 d5 41. Ng2 d4 42. Ne1 Kf5 43. Nd3 Bd6 44. Ne1 Ke5 45. Nd3+ Kd5 46. Nf2 a4 47. bxa4 bxa4 48. Nh1 Kc4 49. Ke2 d3+ 50. Kd2 Kd4 0-1


[Site "https://www.chess.com"]

[Event "Titled Tuesday Blitz March 01 Early 2022"]
[White "Prieto Aranguren, Alain"]
[Black "Yurtseven, Melih"]
[WhiteFideId "2268906"]
[BlackFideId "6312160"]
[WhiteElo "2235"]
[BlackElo "2160"]
[Result "0-1"]
[Round "02"]
[TimeControl "180+1"]
[Date "2022.03.01"]
[WhiteClock "0:00:14"]
[BlackClock "0:00:19"]

1. d4 Nf6 2. c4 g6 3. Nc3 d5 4. Nf3 Bg7 5. Bg5 c6 6. cxd5 cxd5 7. Qb3 O-O 8. e3 Nc6 9. Bxf6 Bxf6 10. Nxd5 Bg7 11. Nc3 Na5 12. Qd1 Qb6 13. Rb1 Bf5 14. Bd3 Bxd3 15. Qxd3 Rfd8 16. O-O Rac8 17. Qb5 Qxb5 18. Nxb5 a6 19. Nc3 Nc4 20. Rfc1 b5 21. Ne4 e5 22. dxe5 Nxe5 23. Nxe5 Bxe5 24. b4 Rc4 25. Nc5 Rd2 26. a3 Bb2 27. Rxc4 bxc4 28. Ne4 Rc2 29. a4 f5 30. Nc5 c3 31. b5 axb5 32. axb5 Rd2 33. Nb3 Rd8 34. Kf1 f4 35. Nd4 fxe3 36. fxe3 Kf7 0-1


[Site "https://www.chess.com"]

[Event "Titled Tuesday Blitz March 01 Early 2022"]
[White "Putri, Regita Desyari"]
[Black "Nilsen, Tobias Lang"]
[WhiteFideId "7109083"]
[BlackFideId "1521624"]
[WhiteElo "1930"]
[BlackElo "2013"]
[Result "0-1"]
[Round "02"]
[TimeControl "180+1"]
[Date "2022.03.01"]
[WhiteClock "0:00:12"]
[BlackClock "0:01:07"]

1. d4 f5 2. c4 Nf6 3. g3 g6 4. Bg2 Bg7 5. Nh3 O-O 6. O-O d6 7. Nc3 e5 8. d5 a5 9. f3 h6 10. e4 Na6 11. Kh1 Nc5 12. Nf2 g5 13. exf5 Bxf5 14. Be3 b6 15. Nfe4 Ncxe4 16. fxe4 Bd7 17. h3 Qe8 18. Kh2 Qg6 19. b3 Rf7 20. Qe2 Raf8 21. Rf2 Nh5 22. Raf1 Nf4 23. gxf4 exf4 24. Bd2 h5 25. Kh1 Be5 26. Bf3 g4 27. Rg2 Rh7 28. Kg1 g3 29. Nd1 Bxh3 30. Bc3 h4 31. Bxe5 dxe5 32. Re1 Bxg2 33. Kxg2 h3+ 34. Kh1 g2+ 0-1


[Site "https://www.chess.com"]